cohdb
Replays
Latest Replays
All Replays
Popular Replays
Top Player Replays
Match Explorer
How It Works
Community
CoH3 Stats
Reddit
Sign in to upload your games and track your stats! →
Sign in with Steam
High elo, DAK all vehicle into carro spam 15 carros vs E8s and hell cats
Match 17435820
Overview
Messages
Build Orders
End
Construct Barracks
Selects Armored Battlegroup
Selects Veteran Crews
1⁄4-ton 4x4 Truck
1⁄4-ton 4x4 Truck
Riflemen Squad
Riflemen Squad
Mechanized Support Center
Construct Weapon Support Center
Grenade Package
Riflemen Squad
M3 75 mm Gun Motor Carriage
Selects M31 Recovery Vehicle
Bazooka Squad
Engineer Squad
Construct Medical Station
Construct Tank Depot
Selects War Machine
Selects Strength in Steel
M1919 Machine Gun Team
M4A1 Sherman Medium Tank
Riflemen Squad
Selects Seek and Destroy
M4A1 Sherman Medium Tank
Bazooka Squad
Smoke Shells
M4A1 76mm Conversion
M31 Recovery Vehicle
Seek and Destroy
Seek and Destroy
Selects M4A3E8 Sherman Combat Group
Seek and Destroy
M4A3E8 Sherman Combat Group
Seek and Destroy
The 2D Waifu Trafficker
Novacaine
Bruckley
Adult Asthma Is A Choice
Not Emily Willis
무능력헤비
0
0
Comments
sign in to comment!
No comments posted yet!